 Dungeon Crawl Stone Soup version 0.23-a0-487-gc6253629db (console) character file.

1341 Harunobu the Fighter (level 8, 0/88 HPs)
             Began as an Ogre Berserker on Dec 1, 2018.
             Was a Priest of Trog.
             Succumbed to a killer bee's poison
             ... on level 7 of the Dungeon.
             The game lasted 00:11:26 (5472 turns).

Harunobu the Fighter (Ogre Berserker)               Turns: 5472, Time: 00:11:27

Health: 0/88       AC: 16    Str: 22    XL:     8   Next: 62%
Magic:  2/8        EV:  2    Int: 12    God:    Trog [***...]
Gold:   263        SH:  0    Dex:  9    Spells: 7/7 levels left

rFire    . . .     SeeInvis .   y - +3 morningstar {holy, rC+ Str-4 Int+4}
rCold    + + +     Gourm    .   (no shield)
rNeg     . . .     Faith    .   o - +0 gold dragon scales
rPois    +         Spirit   +   (helmet restricted)
rElec    .         Reflect  .   (no cloak)
rCorr    .         Harm     .   (gloves unavailable)
MR       .....                  (boots unavailable)
Stlth    ..........             t - amulet of guardian spirit
HPRegen  0.24/turn              h - +3 ring of strength
MPRegen  0.11/turn              A - ring of ice

@: lethally poisoned (0 -> -1), berserk cooldown, slowed, very slow
A: large, unfitting armour, tough skin 1
a: Berserk, Trog's Hand, Renounce Religion


You were on level 7 of the Dungeon.
You worshipped Trog.
Trog was most pleased with you.
You were not hungry.

You visited 1 branch of the dungeon, and saw 7 of its levels.

You collected 263 gold pieces.

Inventory:

Hand Weapons
 a - a +0 mace
 e - a +3 short sword
 q - a +1 dagger of electrocution
 y - the +3 morningstar "Duuk" (weapon) {holy, rC+ Str-4 Int+4}
   (You found it on level 4 of the Dungeon)

   It has been blessed by the Shining One to cause great damage to the undead
   and demons.
   It affects your strength (-4).
   It affects your intelligence (+4).
   It protects you from cold.
Armour
 b - a +0 animal skin
 o - +0 gold dragon scales (worn)
Jewellery
 h - a +3 ring of strength (left hand)
 t - an amulet of guardian spirit (around neck)
 A - a ring of ice (right hand)
Wands
 z - a wand of random effects (51)
Scrolls
 f - 2 scrolls of noise {unknown}
 j - 8 scrolls of remove curse {unknown}
 k - 6 scrolls of identify
 l - a scroll of fear {unknown}
 m - 3 scrolls of fog {unknown}
 r - 2 scrolls of enchant weapon {unknown}
 v - 3 scrolls of teleportation {unknown}
Potions
 d - a potion of lignification {unknown}
 g - a potion of curing
 i - 5 potions of heal wounds {unknown}
 n - a potion of flight {unknown}
 p - a potion of resistance {unknown}
 s - a potion of ambrosia {unknown}
 u - 2 potions of cancellation {unknown}
 w - 2 potions of berserk rage {unknown}
 x - a potion of magic {unknown}
 B - a potion of brilliance {unknown}
Comestibles
 c - 12 rations


   Skills:
 + Level 8.0 Fighting
 + Level 3.7 Maces & Flails
 + Level 5.7 Armour
 + Level 4.4 Dodging
 + Level 1.1 Stealth


You had 7 spell levels left.
You didn't know any spells.
Your spell library was empty.

Dungeon Overview and Level Annotations

Branches:
Dungeon (7/15)             Temple (0/1) D:5

Altars:
Cheibriados
Dithmenos
Hepliaklqana
Ru
Trog
Uskayaw


Innate Abilities, Weirdness & Mutations

You are too large for most types of armour.
You have tough skin. (AC +1)


Message History

* * * LOW HITPOINT WARNING * * *
The killer bee stings you but does no damage. x4
You feel sick. The killer bee barely misses you.
The killer bee stings you but does no damage.
The killer bee stings you.
* * * LOW HITPOINT WARNING * * *
The killer bee stings you but does no damage. x2
The killer bee barely misses you.
You feel sick. The killer bee stings you.
* * * LOW HITPOINT WARNING * * *
The killer bee stings you but does no damage. x3
The killer bee stings you.
* * * LOW HITPOINT WARNING * * *
You open the door.
You feel sick.
The killer bee stings you but does no damage. x2
The killer bee completely misses you.
The killer bee stings you but does no damage. x8
The killer bee stings you.
* * * LOW HITPOINT WARNING * * *
You die...

# .# ### #####.# #.. #
.....# #.# #. #....#
#.# #.###@## #.#
#.....y#############..
#..zyyy##..........###
#...zzy#...........'..
#......#...........###
#.##...#.....#######
#. ##'##...........# #
#..............#
##...#.........#


You could see 5 killer bees and 3 wights.

Vanquished Creatures
  An orc warrior (D:6)
  3 phantoms
  An ice beast (D:6)
  2 ogres
  3 killer bees (D:7)
  A wight (D:7)
  A howler monkey (D:5)
  A crimson imp (D:5)
  2 jellies (D:5)
  A centaur skeleton (D:4)
  A hound (D:6)
  An iguana (D:7)
  An orc wizard (D:6)
  3 worker ants
  4 gnolls (D:5)
  6 adders
  A shadow imp (D:7)
  2 adder skeletons (D:5)
  A worm (D:2)
  4 dart slugs
  4 leopard geckos
  2 orcs
  9 bats
  11 giant cockroaches
  10 goblins
  7 hobgoblins
  10 jackals
  8 kobolds
  5 quokkas
  2 ball pythons (D:1)
  5 frilled lizards
  A leopard gecko zombie (D:5)
  10 rats
  A plant (D:4)
125 creatures vanquished.

Notes
Turn   | Place    | Note
-------+----------+-------------------------------------------
     0 | D:1      | Harunobu the Ogre Berserker began the quest for the Orb.
     0 | D:1      | Reached XP level 1. HP: 24/24 MP: 1/1
   175 | D:1      | Reached XP level 2. HP: 21/32 MP: 2/2
   588 | D:1      | Reached XP level 3. HP: 33/40 MP: 3/3
  1069 | D:1      | Reached ** piety under Trog
  1520 | D:2      | Reached XP level 4. HP: 16/49 MP: 4/4
  2014 | D:2      | Found a snail-covered altar of Cheibriados.
  2175 | D:2      | Found a faded altar of an unknown god.
  2428 | D:3      | Reached skill level 5 in Fighting
  2777 | D:3      | Found a bloodstained altar of Trog.
  2866 | D:3      | Reached XP level 5. HP: 55/57 MP: 5/5
  3189 | D:4      | Reached skill level 1 in Armour
  3351 | D:4      | Noticed an ogre
  3357 | D:4      | Killed an ogre
  3357 | D:4      | Reached skill level 6 in Fighting
  3357 | D:4      | Reached XP level 6. HP: 63/67 MP: 3/6
  3621 | D:4      | Noticed a phantom
  3648 | D:4      | Killed a phantom
  3702 | D:4      | Found a sacrificial altar of Ru.
  3759 | D:4      | Noticed a phantom
  3774 | D:4      | Killed a phantom
  3774 | D:4      | Reached *** piety under Trog
  3774 | D:4      | Reached skill level 1 in Stealth
  3774 | D:4      | Reached XP level 7. HP: 73/76 MP: 7/7
  3779 | D:4      | Got an ichor-stained morningstar
  3781 | D:4      | Identified the +3 morningstar "Duuk" {holy, rC+ Str-4
                  | Int+4} (You found it on level 4 of the Dungeon)
  3848 | D:4      | Found a shadowy altar of Dithmenos.
  3925 | D:5      | Entered Level 5 of the Dungeon
  4096 | D:5      | Found a hazy altar of Hepliaklqana.
  4097 | D:5      | Found a hide-covered altar of Uskayaw.
  4133 | D:5      | Found a staircase to the Ecumenical Temple.
  4520 | D:5      | Reached skill level 7 in Fighting
  4829 | D:6      | Reached XP level 8. HP: 84/87 MP: 5/8
  5020 | D:6      | Reached skill level 5 in Armour
  5410 | D:7      | Reached skill level 8 in Fighting
  5470 | D:7      | HP: 4/88 [killer bee (5)]
  5471 | D:7      | HP: 1/88 [killer bee (2)]
  5472 | D:7      | Succumbed to a killer bee's poison

Vault maps used:
D:1:      wheals_arrival_shading, chequers_avenue, st_stairs_9
D:2:      cheibriados_altar_1, chequers_ecumenical_altar_grove,
          due_unseen_surprise
D:3:      minivault_24, trog_butcher_becter
D:4:      lemuel_coloured_pillars_altar, nicolae_ru_the_path_less_chosen
D:5:      gammafunk_temple_overflow_statue, temple_fountains, first_ration
D:6:      yredelemnul_forgotten_temple_becter
D:7:      nicolae_ossuary_entry_giza

Skill      XL: |  1  2  3  4  5  6  7  8 |
---------------+-------------------------+-----
Maces & Flails | 3 |  3.7
Dodging        | 3 4 |  4.4
Fighting       | 5 6 7 8 |  8.0
Armour         | 1 2 4 5 |  5.7
Stealth        | 1 |  1.1

Action                   |  1- 3 |  4- 6 |  7- 9 || total
-------------------------+-------+-------+-------++-------
Melee: Mace              |    26 |       |       ||    26
       Short sword       |    65 |    31 |       ||    96
       Dagger            |       |   144 |   178 ||   322
       Morningstar       |       |       |    19 ||    19
Invok: Berserk           |     2 |     1 |     5 ||     8
  Use: Scroll            |       |     2 |       ||     2
       Potion            |       |       |     1 ||     1
  Eat: Chunk             |     3 |     9 |     7 ||    19
       Ration            |       |       |     1 ||     1
Armor: Animal skin       |    30 |     4 |       ||    34
       Gold dragon scale |       |   124 |   239 ||   363
Dodge: Dodged            |    57 |    18 |    71 ||   146

Table legend:
 A = Non-vault XP
 B = Vault XP
 C = Vault XP percentage of total XP
 D = Non-vault monster count
 E = Vault monster count
 F = Vault count percentage of total count
                 A         B        C        D         E       F
            +---------+---------+-------+---------+---------+-------
      Total |    1903 |      13 |   0.7 |     117 |       7 |   5.6
            +---------+---------+-------+---------+---------+-------
        D:1 |      54 |       5 |   8.5 |      32 |       3 |   8.6
        D:2 |      62 |       0 |   0.0 |      16 |       0 |   0.0
        D:3 |      66 |       8 |  10.8 |      23 |       4 |  14.8
        D:4 |     517 |       0 |   0.0 |      10 |       0 |   0.0
        D:5 |     432 |       0 |   0.0 |      23 |       0 |   0.0
        D:6 |     471 |       0 |   0.0 |       6 |       0 |   0.0
        D:7 |     301 |       0 |   0.0 |       7 |       0 |   0.0
            +---------+---------+-------+---------+---------+-------
